details: '1 bladestorm gains 2 levels'

« prev index next »

General information

Mini Map

Players

team 1
Humanluckystone (blue | 200 APM | 6513 actions | 32:35)
Hero icon 5 Archmage
Ability icon 3 Summon Water Elemental
Ability icon 2 Brilliance Aura
Hero icon 5 Mountain King
Ability icon 3 Storm Bolt
Ability icon 2 Bash

» actions
Assign group hotkey75
Basic commands96
Build / train189
ESC pressed12
Enter build submenu65
Enter hero's abilities submenu10
Give item / drop item7
Remove unit from queue11
Right click2443
Select / deselect751
Select group hotkey2535
Use ability319
6513 total
» units
Peasant35
Footman4
Priest2
Sorceress4
Siege Engine5
Flying Machine17
Dragonhawk Rider-1
Gryphon Rider3
69 total
» upgrades
Magic Sentry1
Sorceress Training1
Masonry3
Lumber Harvesting2
Flying Machine Bombs1
Swords2
Gunpowder1
Storm Hammers2
Animal War Training1
Cloud1
15 total
» buildings
Altar of Kings1
Farm10
Barracks1
Scout Tower23
Arcane Tower3
Keep2
Lumber Mill1
Arcane Vault1
Guard Tower44
Arcane Sanctum2
Blacksmith1
Town Hall2
Workshop2
Castle2
Gryphon Aviary3
98 total
» build order
00:06 Altar of Kings
00:18 Farm
00:36 Barracks
01:08 Farm
01:53 Scout Tower
02:25 Arcane Tower
02:29 Farm
04:23 Keep
04:27 Lumber Mill
04:36 Scout Tower
05:00 Farm
05:32 Arcane Vault
05:54 Guard Tower
05:54 Guard Tower
07:06 Arcane Sanctum
07:23 Arcane Sanctum
07:49 Farm
07:53 Farm
08:17 Farm
08:25 Farm
08:36 Farm
11:09 Guard Tower
11:10 Guard Tower
11:14 Arcane Tower
11:43 Scout Tower
11:59 Scout Tower
12:03 Blacksmith
12:10 Scout Tower
12:18 Guard Tower
12:21 Scout Tower
12:24 Scout Tower
12:25 Guard Tower
12:25 Guard Tower
12:30 Guard Tower
12:31 Guard Tower
12:44 Guard Tower
12:46 Scout Tower
12:59 Guard Tower
12:59 Guard Tower
13:04 Guard Tower
13:04 Guard Tower
13:15 Town Hall
14:24 Workshop
15:59 Scout Tower
16:13 Guard Tower
16:13 Guard Tower
16:15 Scout Tower
16:23 Scout Tower
16:26 Guard Tower
16:38 Guard Tower
16:38 Guard Tower
16:40 Scout Tower
16:52 Farm
16:56 Guard Tower
17:59 Castle
17:59 Castle
18:42 Guard Tower
18:48 Scout Tower
18:53 Scout Tower
19:01 Scout Tower
19:07 Scout Tower
19:10 Scout Tower
19:12 Guard Tower
19:15 Scout Tower
19:16 Guard Tower
19:16 Guard Tower
19:18 Scout Tower
19:37 Guard Tower
19:37 Guard Tower
19:44 Guard Tower
19:55 Guard Tower
20:06 Guard Tower
20:13 Scout Tower
20:36 Guard Tower
21:05 Workshop
22:19 Gryphon Aviary
22:27 Scout Tower
22:29 Scout Tower
22:32 Scout Tower
22:38 Gryphon Aviary
22:57 Guard Tower
22:58 Guard Tower
22:59 Guard Tower
23:00 Guard Tower
23:34 Gryphon Aviary
30:04 Town Hall
» items
Boots of Speed1
Staff of Teleportation1
Dust of Appearance3
Potion of Healing2
Lesser Clarity Potion2
Scroll of Regeneration2
Ivory Tower10
Potion of Lesser Invulnerability1
Scroll of Town Portal2
24 total
team 2
Orcpps.0 (teal | 78 APM | 2554 actions | 32:35)
Hero icon 8 Blademaster
Ability icon 3 Wind Walk
Ability icon 3 Critical Strike
Ability icon 1 Bladestorm
Ability icon 1 Mirror Image

» actions
Assign group hotkey44
Basic commands88
Build / train101
ESC pressed3
Enter build submenu42
Enter hero's abilities submenu8
Give item / drop item8
Remove unit from queue1
Right click1112
Select / deselect414
Select group hotkey465
Use ability268
2554 total
» units
Peon13
Wind Rider7
Troll Batrider10
Troll Witch Doctor4
Raider7
41 total
» upgrades
Ranged Weapons3
Armor3
Liquid Fire1
Reinforced Defenses1
Spiked Barricades1
Witch Doctor Training2
Ensnare1
Melee Weapons3
Pillage1
16 total
» buildings
Altar of Storms1
Orc Burrow7
Voodoo Lounge3
War Mill1
Stronghold1
Watch Tower20
Beastiary4
Spirit Lodge1
Fortress1
Great Hall1
40 total
» build order
00:05 Altar of Storms
00:19 Orc Burrow
00:28 Voodoo Lounge
00:36 Voodoo Lounge
01:18 War Mill
01:52 Orc Burrow
03:48 Stronghold
03:50 Watch Tower
03:50 Watch Tower
03:51 Watch Tower
03:52 Watch Tower
03:52 Watch Tower
04:34 Watch Tower
04:35 Watch Tower
04:35 Watch Tower
04:46 Watch Tower
05:57 Orc Burrow
06:20 Beastiary
06:21 Beastiary
07:21 Orc Burrow
10:28 Spirit Lodge
13:13 Fortress
15:01 Watch Tower
15:02 Watch Tower
15:03 Watch Tower
16:07 Watch Tower
16:08 Watch Tower
16:09 Watch Tower
16:19 Great Hall
17:15 Orc Burrow
22:33 Beastiary
23:36 Beastiary
23:43 Orc Burrow
23:49 Watch Tower
24:04 Voodoo Lounge
24:07 Watch Tower
24:10 Watch Tower
24:12 Watch Tower
24:15 Watch Tower
24:37 Orc Burrow
» items
Healing Salve10
Lesser Clarity Potion9
Boots of Speed1
Staff of Teleportation1
Potion of Lesser Invulnerability1
Potion of Healing8
Orb of Lightning1
31 total